 Dungeon Crawl Stone Soup version 0.30-a0-377-g5cb311bc9f (webtiles) character file.

Game seed: 10884870732050063451

4589 tio the Reanimator (level 10, -8/64 HPs)
             Began as a Demonspawn Necromancer on Nov 29, 2022.
             Was an Initiate of Gozag.
             Shot with an arrow by a centaur warrior (17 damage)
             ... on level 9 of the Dungeon.
             The game lasted 01:18:04 (9943 turns).

tio the Reanimator (Demonspawn Necromancer)         Turns: 9943, Time: 01:18:04

Health: -8/64      AC: 12    Str:  9    XL:     10   Next: 18%
Magic:  32/32      EV:  7    Int: 21    God:    Gozag
Gold:   642        SH: 12    Dex: 19    Spells: 23/28 levels left

rFire   . . .      SeeInvis .    A - +2 falchion (protect)
rCold   . . .      Faith    .    u - +0 kite shield
rNeg    . . .      Spirit   .    c - +4 scale mail of the Vaults {Rampage rPois Regen+ Slay-5}
rPois   +          Reflect  .    (helmet restricted)
rElec   .          Harm     .    (no cloak)
rCorr   .          Rampage  +    m - +0 pair of gloves
Will    .....                    h - +0 pair of boots
Stlth   +.........               (no amulet)
HPRegen 1.10/turn                o - +6 ring of dexterity
MPRegen 0.23/turn                l - ring of magical power

@: brilliant
A: antennae 2, hooves 1, spiny 1, condensation shield, demonic touch 2
a: Renounce Religion, Potion Petition, Call Merchant, Bribe Branch


You were on level 9 of the Dungeon.
You worshipped Gozag.
Gozag was pleased with you.
You visited 2 branches of the dungeon, and saw 10 of its levels.
You also visited: Bailey.

You collected 1142 gold pieces.
You spent 420 gold pieces at shops.
You paid 80 gold pieces to Gozag.

Inventory:

Hand Weapons
 f - a +1 short sword of flaming
 x - a +2 spear of venom
 A - a +2 falchion of protection (weapon)
Missiles
 e - 31 poisoned darts
 k - 7 boomerangs of dispersal
 t - 3 throwing nets
 v - 14 boomerangs
Armour
 c - the +4 scale mail of the Vaults (worn) {Rampage rPois Regen+ Slay-5}
   (You bought it in a shop on level 6 of the Dungeon)

   Slay:      It affects your accuracy & damage with ranged weapons and melee
   (-5).
   rPois:     It protects you from poison.
   Regen:     It increases your rate of health regeneration.
   Rampage:   It bestows one free step when moving towards enemies.
 h - a +0 pair of boots (worn)
 m - a +0 pair of gloves (worn)
 u - a +0 kite shield (worn)
Jewellery
 d - a +4 ring of evasion
 l - a ring of magical power (right hand)
 o - a +6 ring of dexterity (left hand)
 q - a ring of wizardry
Wands
 B - a wand of roots (1)
Scrolls
 g - a scroll of fear
 j - a scroll of identify
 s - 2 scrolls of vulnerability
 w - a scroll of torment
 y - 2 scrolls of magic mapping
 D - a scroll of noise {unknown}
 F - a scroll of teleportation
 G - a scroll of enchant weapon
Potions
 a - 3 potions of might
 b - 3 potions of magic
 i - a potion of ambrosia {unknown}
 n - 2 potions of brilliance
 p - a potion of cancellation {unknown}
 r - a potion of lignification {unknown}
 z - 2 potions of attraction
 C - a potion of resistance {unknown}


   Skills:
 + Level 0.5 Fighting
 + Level 0.2 Short Blades
 + Level 0.2 Throwing
 + Level 1.3 Armour
 + Level 3.0 Dodging
 + Level 2.3 Stealth
 + Level 0.2 Shields
 + Level 9.7 Spellcasting
 + Level 11.8 Necromancy
 + Level 0.8 Evocations


You had 23 spell levels left.
You knew the following spells:

 Your Spells              Type           Power      Damage    Failure   Level
a - Necrotise             Necr           100%       1d9       1%          1
b - Animate Dead          Necr           74%        N/A       14%         4

Your spell library contained the following spells:

 Spells                   Type           Power      Damage    Failure   Level
 Vampiric Draining        Necr           74%        2d11      4%          3
 Dispel Undead            Necr           74%        3d25      14%         4
 Agony                    Necr           74%        N/A       38%         5
 Cigotuvi's Dreadful Rot  Necr/Pois/Air  80%        N/A       50%         2
 Anguish                  Hex/Necr       25%        N/A       86%         4
 Magic Dart               Conj           60%        1d6       88%         1
 Death Channel            Necr           37%        N/A       92%         6
 Ensorcelled Hibernation  Hex/Ice        30%        N/A       96%         2
 Searing Ray              Conj           30%        2d5       96%         2
 Ignite Poison            Fire/Tmut/Pois 15%        N/A       99%         3
 Kindle Blastsparks       Fire/Tloc/Air  30%        2d12      99%         3
 Spider Form              Tmut/Pois      15%        N/A       99%         3
 Fulminant Prism          Conj/Hex       7%         3d7       100%        4
 Iskenderun's Mystic Bla  Conj/Tloc      15%        2d5       100%        4
 Sticky Flame             Conj/Fire      15%        2d4       100%        4
 Lee's Rapid Deconstruct  Erth           7%         3d7*      100%        5
 Ignition                 Fire           7%         3d5       100%        8


Dungeon Overview and Level Annotations

Branches:
Dungeon (9/15)             Temple (1/1) D:6          Bailey (visited)
   Lair: D:8-11         Orc: D:9-12

Altars:
Ashenzari
Cheibriados
Dithmenos
Fedhas
Gozag
Hepliaklqana
Kikubaaqudgha
Nemelex Xobeh
Okawaru
Qazlal
Ru
Sif Muna
Trog
Uskayaw
Vehumet
Wu Jian
Xom
Yredelemnul

Shops:
D:1 :   D:3 [   D:6 (:**[


Innate Abilities, Weirdness & Mutations

You have a pair of antennae on your head.
You have large cloven feet.
You are partially covered in sharp spines.
A meltable shield of frost defends you. (SH +4)
Your touch may inflict irresistible damage on your foes.


Message History

You now have 627 gold pieces (gained 4).
You now have 642 gold pieces (gained 15).
You see here a +0 flail.
You see here a +0 mace.
Things that are here:
a +0 short sword; a +0 leather armour You see here a +0 trident.
You sense a monster nearby.
A centaur warrior comes into view.
The centaur warrior shouts!
You hear a shout! x2
The centaur warrior wields a +0 longbow.
The centaur warrior shoots an arrow.
The arrow closely misses you.
An orc comes into view. It is wielding a +0 dagger.
There are monsters nearby!
The centaur warrior struggles to resist.
The orc shouts!
You hear a shout!
The centaur warrior shoots an arrow.
The arrow hits you!
An orc comes into view.
It is wielding a +2 hand axe of electrocution.
The centaur warrior shoots an arrow.
You block the arrow.
The centaur warrior shoots an arrow.
The arrow hits you!
You feel clever all of a sudden.
Aiming: Fastroot
Press: ? - help, Q - select action, (/) - cycle Shift-Dir - straight line, f/p - centaur warrior
Aim: a centaur warrior, wielding a +0 longbow The roots erupt in riotous growth!
Roots grab the centaur warrior.
The grasping roots constrict the centaur warrior.
You hear a shout!
The centaur warrior shoots an arrow.
The arrow hits you!!
* * * LOW HITPOINT WARNING * * *
The centaur warrior shoots an arrow.
You block the arrow.
As you read the scroll of fog, it crumbles to dust.
The scroll dissolves into smoke.
The grasping roots constrict the centaur warrior!
The roots release their grip on the centaur warrior.
The centaur warrior shoots an arrow.
The arrow hits you!
* * * LOW HITPOINT WARNING * * *
The centaur warrior shoots an arrow.
The arrow hits you!
You die...
Your body crumbles into a pile of gold.

........... ..........#
#......... ....{.. ..{.
## #§## .## #§c# ..###
##§# ....## #@## .....#
###§### .....# ###..§§.##
.....# ##.)......##
.....#######..).......#
...............).....##
.....##.....))........##
#
.....##......#....###..##
## .....###.....######
##..########.


You could see a centaur warrior.

Vanquished Creatures
  A two-headed ogre (D:8)
  Prince Ribbit (Bailey)
  3 humans (Bailey)
  2 water moccasins
  An orc warrior (D:9)
  A black bear (D:5)
  2 ice beasts
  2 centaurs
  A phantom (D:5)
  3 kobold brigands
  9 bullfrogs
  A gnoll sergeant (D:8)
  2 scorpions
  5 killer bees (D:7)
  4 hounds
  3 jellies
  9 orc priests
  3 iguanas
  Ijyb (D:3)
  14 orc wizards
  11 gnolls
  7 adders
  A shadow imp (D:7)
  A white imp (D:5)
  3 worms
  3 dart slugs
  43 orcs
  9 endoplasms
  6 giant cockroaches
  13 goblins
  7 hobgoblins
  5 quokkas
  5 ball pythons
  7 bats
  5 frilled lizards
  22 kobolds
  A rat (D:2)
217 creatures vanquished.

Vanquished Creatures (collateral kills)
  An ogre (D:4)
  A gnoll bouda (D:5)
  An orc priest (D:5)
  A hobgoblin (D:1)
  2 ball pythons
  4 rats (D:1)
10 creatures vanquished.

Grand Total: 227 creatures vanquished

Notes
Turn   | Place    | Note
-------+----------+-------------------------------------------
     0 | D:1      | tio the Demonspawn Necromancer began the quest for the Orb.
     0 | D:1      | Reached XP level 1. HP: 13/13 MP: 3/3
   106 | D:1      | Found Solel's Book Emporium.
   428 | D:1      | Discovered your monstrous ancestry.
   428 | D:1      | Gained mutation: You have a pair of small antennae on your
                  | head. [demonic ancestry]
   428 | D:1      | Reached XP level 2. HP: 19/19 MP: 1/5
   526 | D:1      | Reached skill level 5 in Necromancy
  1103 | D:2      | Gained mutation: Your touch may inflict minor irresistible
                  | damage on your foes. [demonic ancestry]
  1103 | D:2      | Reached XP level 3. HP: 19/24 MP: 1/6
  2075 | D:3      | Gained mutation: You have large cloven feet. [demonic
                  | ancestry]
  2075 | D:3      | Reached XP level 4. HP: 30/30 MP: 1/8
  2088 | D:3      | Reached skill level 6 in Necromancy
  2193 | D:3      | Reached XP level 5. HP: 34/35 MP: 2/9
  2275 | D:3      | Noticed Ijyb
  2285 | D:3      | Killed Ijyb
  2828 | D:3      | Found Boguon's Armour Emporium.
  3055 | D:3      | Bought a +0 helmet for 45 gold pieces
  3102 | D:4      | Noticed an ice beast
  3108 | D:4      | Noticed an ogre
  3110 | D:4      | Killed an ice beast
  3111 | D:4      | Gained mutation: You are partially covered in sharp spines.
                  | [demonic ancestry]
  3111 | D:4      | Reached XP level 6. HP: 31/41 MP: 3/11
  3881 | D:5      | Entered Level 5 of the Dungeon
  3889 | D:5      | Reached skill level 7 in Necromancy
  3897 | D:5      | Gained mutation: Your touch may inflict irresistible damage
                  | on your foes. [demonic ancestry]
  3897 | D:5      | Reached XP level 7. HP: 42/46 MP: 6/14
  4148 | D:5      | Reached skill level 5 in Spellcasting
  4521 | D:5      | Reached skill level 8 in Necromancy
  4611 | D:5      | Found a sacrificial altar of Ru.
  4820 | D:5      | Found a shimmering altar of Xom.
  5026 | D:5      | Found a stormy altar of Qazlal.
  5211 | D:6      | Gained mutation: You have a pair of antennae on your head.
                  | [demonic ancestry]
  5211 | D:6      | Reached XP level 8. HP: 52/52 MP: 13/16
  5216 | D:6      | Learned a level 4 spell: Animate Dead
  5259 | D:6      | Found Uckeinen's Armour Shoppe.
  5369 | D:6      | Found a staircase to the Ecumenical Temple.
  5447 | Temple   | Entered the Ecumenical Temple
  5650 | Temple   | Became a worshipper of Gozag Ym Sagoz the Greedy
  5734 | D:6      | Found Guass's Assorted Antiques.
  5743 | D:6      | Bought a potion of curing for 63 gold pieces
  5828 | D:6      | Found Jeell's Book Shop.
  6073 | D:6      | Found Ekkaz's Assorted Antiques.
  6124 | D:6      | Found Xoush's Weapon Shop.
  6352 | D:7      | Reached skill level 9 in Necromancy
  6461 | D:7      | Found a flagged portal.
  6697 | Bailey   | Entered a bailey
  6822 | Bailey   | Gained mutation: A meltable shield of frost defends you.
                  | (SH +4) [demonic ancestry]
  6822 | Bailey   | Reached XP level 9. HP: 38/57 MP: 15/20
  6913 | Bailey   | Reached skill level 10 in Necromancy
  7003 | Bailey   | Noticed Prince Ribbit
  7003 | Bailey   | Noticed a vault guard
  7084 | Bailey   | Killed Prince Ribbit
  7220 | D:6      | Bought the +4 scale mail of the Vaults {Rampage rPois
                  | Regen+ Slay-5} for 312 gold pieces
  8033 | D:8      | Noticed a two-headed ogre
  8086 | D:8      | Killed a two-headed ogre
  8087 | D:8      | Reached skill level 1 in Armour
  8087 | D:8      | Reached skill level 11 in Necromancy
  8236 | D:8      | Found a shimmering blue altar of Sif Muna.
  8386 | D:8      | Reached XP level 10. HP: 44/63 MP: 8/23
  9151 | D:9      | Found a hazy altar of Hepliaklqana.
  9937 | D:9      | Noticed a centaur warrior
  9943 | D:9      | Shot with an arrow by a centaur warrior

Illustrated notes

Levels and vault maps discovered:
D:1:      saegor_arrival_fortress, layout_basic, serial_shops,
          nicolae_shop_waterfront
D:2:      layout_loops_cross, basic_altar, st_stairs_8
D:3:      layout_basic, serial_shops, shop, uniq_ijyb
D:4:      layout_rooms
D:5:      layout_loops_cross, mainiacjoe_overflow_swirl,
          mainiacjoe_overflow_six_doors_small, kennysheep_little_box,
          enter_ossuary_2, minmay_misc_feat_alley, hex_large, hex_medium,
          st_stairs_3
D:6:      layout_basic, minmay_temple_entry_grid, serial_shops,
          nicolae_shop_statue_plus, nicolae_shop_stone, nicolae_shop_crystal,
          nicolae_shop_advertising_works [nicolae_subvault_shop_adworks], shop
D:7:      layout_basic, enter_bailey_5
D:8:      layout_rooms, mainiacjoe_overflow_tiny_flanked
D:9:      layout_cave_pods, lemuel_tele_altar
Temple:   nicolae_temple_slightly_damp_pantheon

Skill      XL: |  1  2  3  4  5  6  7  8  9 |
---------------+----------------------------+-----
Necromancy     | 5 6 7 8 9 11 | 11.8
Spellcasting   | 3 4 5 7 9 |  9.7
Stealth        | 2 |  2.3
Dodging        | 2 3 |  3.0
Armour         | 1 |  1.3
Fighting       | |  0.5
Short Blades   | |  0.2
Throwing       | |  0.2
Shields        | |  0.2
Evocations     | |  0.8

Action                   |  1- 3 |  4- 6 |  7- 9 | 10-12 || total
-------------------------+-------+-------+-------+-------++-------
Melee: Short sword       |    16 |    10 |    23 |     8 ||    57
       Touch             |     1 |     4 |     4 |     1 ||    10
       Punch             |       |       |     2 |       ||     2
       Falchion          |       |       |       |     7 ||     7
Throw: Dart              |       |     3 |       |       ||     3
 Cast: Necrotise         |    81 |    71 |   310 |    99 ||   561
Evoke: Wand              |       |     1 |    13 |     1 ||    15
  Use: Scroll            |     8 |     2 |    11 |     5 ||    26
       Potion            |       |       |    10 |     2 ||    12
 Stab: Distracted        |       |       |       |     1 ||     1
Armor: Robe              |     3 |     9 |     9 |       ||    21
       Scale mail        |       |       |    24 |    19 ||    43
Dodge: Dodged            |    28 |    27 |    96 |    18 ||   169
Block: Other             |       |       |    12 |     3 ||    15
       Kite shield       |       |       |       |    33 ||    33

Table legend: (Time is in decaauts)
 A = Elapsed time spent in this place.
 B = Non-inter-level travel time spent in this place.
 C = Inter-level travel time spent in this place.
 D = Time resting spent in this place.
 E = Time spent auto-exploring this place.
 F = Levels seen in this place.
 G = Mean time per level.
                   A        B        C        D        E       F      G
               +--------+--------+--------+--------+--------+-----+--------+
         Total |   9885 |   8765 |   1120 |      0 |   7287 |  11 |  898.6 |
       Dungeon |   9280 |   8214 |   1066 |      0 |   6916 |   9 | 1031.1 |
        Temple |    222 |    168 |     54 |      0 |    149 |   1 |  222.0 |
        Bailey |    381 |    381 |      0 |      0 |    222 |   1 |  381.0 |
               +--------+--------+--------+--------+--------+-----+--------+

Top non-repeatable levels by time:
     D:5: 1197 daAuts
     D:7: 1190 daAuts
     D:8: 1096 daAuts
     D:1: 1088 daAuts
     D:6: 1054 daAuts
     D:3: 1051 daAuts
     D:2: 975 daAuts
     D:9: 861 daAuts
     D:4: 764 daAuts
  Bailey: 381 daAuts
  Temple: 222 daAuts
